 Dungeon Crawl Stone Soup version 0.31-a0-198-g2ad674f65e (webtiles) character file.

Game seed: 2148967067884415217

85 qw the Shooter (level 4, 0/25 HPs)
             Began as a Deep Elf Hunter on June 25, 2023.
             Slain by Robin
             ... wielding a +0 whip
              (1 damage)
             ... on level 3 of the Dungeon.
             The game lasted 00:00:39 (1802 turns).

qw the Shooter (Deep Elf Hunter)                    Turns: 1802, Time: 00:00:40

Health: 0/25       AC: 10    Str: 10    XL:     4   Next: 25%
Magic:  6/6        EV: 11    Int: 17    God:
Gold:   54         SH:  0    Dex: 18    Spells: 3/3 levels left

rFire   . . .        Y - +0 shortbow (freeze)
rCold   . . .        (shield currently unavailable)
rNeg    . . .        q - +0 ring mail
rPois   .            k - +2 helmet {Int+3}
rElec   .            (no cloak)
rCorr   .            (no gloves)
SInv    .            i - +1 pair of boots
Will    .....        (no amulet)
Stlth   +            (no ring)
HPRegen 0.24/turn    (no ring)
MPRegen 0.10/turn

%: no passive effects
@: no status effects
A: no striking features
a: no special abilities


You were on level 3 of the Dungeon.
You visited 1 branch of the dungeon, and saw 3 of its levels.

You collected 94 gold pieces.
You spent 40 gold pieces at shops.


   Skills:
 - Level 1.5 Fighting
 + Level 7.7 Ranged Weapons
 - Level 2.4 Dodging
 - Level 1.2 Stealth


You had 3 spell levels left.
You didn't know any spells.
Your spell library was empty.

Inventory:

Hand Weapons
 Y - a +0 shortbow of freezing (weapon)
Armour
 i - a +1 pair of boots (worn)
 k - a +2 helmet of intelligence (worn)
 q - a +0 ring mail (worn)
Scrolls
 p - a scroll of teleportation
Potions
 b - a potion of haste {unknown}
 d - a potion of degeneration {unknown}
 g - a potion of enlightenment {unknown}
 h - a potion of invisibility {unknown}
 j - a potion of heal wounds
 l - a potion of brilliance {unknown}
 n - a potion of ambrosia {unknown}

Dungeon Overview and Level Annotations

Branches:
Dungeon (3/15)

Altars:

Shops:
D:2 [=

Annotations:
D:3 Ijyb, Robin


Message History

The goblin goes into a battle-frenzy!
The goblin hits you but does no damage.
You shoot an arrow. The arrow hits Ijyb.
The arrow freezes Ijyb.
Ijyb is moderately wounded.
The goblin hits you but does no damage. Ijyb hits you but does no damage.
The goblin barely misses you. The goblin closely misses you.
The goblin hits you but does no damage. Ijyb hits you with a +0 club.
You shoot an arrow. The arrow hits Ijyb but does no damage.
Ijyb is moderately wounded.
Ijyb hits you with a +0 club. The goblin hits you but does no damage.
You shoot an arrow. The arrow hits Ijyb but does no damage.
Ijyb is moderately wounded.
A ball python comes into view.
The goblin hits you but does no damage. Ijyb barely misses you.
The goblin hits you but does no damage. The hobgoblin closely misses you.
You shoot an arrow. The arrow hits Ijyb but does no damage.
Ijyb is moderately wounded.
Ijyb hits you with a +0 club. The goblin hits you with a +0 dagger.
The goblin hits you but does no damage. The hobgoblin barely misses you.
You shoot an arrow. The arrow closely misses Ijyb.
The arrow hits the ball python!
The ball python seems to slow down.
The arrow freezes the ball python.
You kill the ball python!
Ijyb barely misses you. The goblin hits you but does no damage.
The goblin barely misses you.
The hobgoblin hits you but does no damage.
Robin throws Ijyb at you!
You shoot an arrow. The arrow barely misses Ijyb.
The goblin hits you but does no damage. Ijyb closely misses you.
The hobgoblin hits you. The goblin barely misses you.
You shoot an arrow. The arrow closely misses Ijyb.
Ijyb no longer looks unusually strong.
The goblin no longer looks unusually strong.
The goblin hits you but does no damage. Ijyb hits you but does no damage.
The hobgoblin hits you but does no damage.
Robin hits you with a +0 whip. The goblin hits you with a +0 club. x2
Ijyb barely misses you. The goblin closely misses you.
Robin says, "My goblins will feast on your bones."
Robin hits you with a +0 whip.
You die...

#.# #.# ......
##.#####......
#..........%..
#<.####.......
#....# ..)....
##.##.##.).....
#......gg...?..
#....g@g#
####.##g...)..
#.# .#.)... #..
.# .#.. ### ##
# .


You could see Ijyb, Robin, a hobgoblin (strong) and 2 goblins.

Vanquished Creatures
  3 adders (D:2)
  A dart slug (D:1)
  4 ball pythons
  2 bats
  6 endoplasms
  3 giant cockroaches (D:2)
  6 goblins
  7 hobgoblins
  5 jackals
  8 kobolds
  4 rats (D:1)
49 creatures vanquished.

Notes
Turn   | Place    | Note
-------+----------+-------------------------------------------
     0 | D:1      | qw the Deep Elf Hunter began the quest for the Orb.
     0 | D:1      | Reached XP level 1. HP: 12/12 MP: 3/3
     0 | D:1      | 0 ||| qw: Version: 0.3-a-22-g0ed2b0b
     0 | D:1      | 0 ||| qw: Game counter: 5288
     0 | D:1      | 0 ||| qw: Melee chars always use a shield: true
     0 | D:1      | 0 ||| qw: God list: Okawaru
     0 | D:1      | 0 ||| qw: Allow faded altars: false
     0 | D:1      | 0 ||| qw: Do Orc after clearing Dungeon:15 true
     0 | D:1      | 0 ||| qw: Do second Lair branch before Depths: true
     0 | D:1      | 0 ||| qw: Lair rune preference: random
     0 | D:1      | 0 ||| qw: Goals: Normal
     0 | D:1      | 0 ||| PLANNING D:1-11
    70 | D:1      | Reached XP level 2. HP: 16/16 MP: 4/4
   126 | D:1      | Reached skill level 6 in Ranged Weapons
   719 | D:1      | 719 ||| UPGRADING to +1 pair of boots.
   724 | D:1      | 724 ||| READING scroll labelled QIOCATEOSE.
   725 | D:1      | 725 ||| READING scroll labelled YGOKYPP BESCHEA.
   726 | D:1      | 726 ||| READING scroll labelled WARIN WECA JUF.
   730 | D:1      | 730 ||| DROPPING scroll of butterflies.
   750 | D:2      | Reached XP level 3. HP: 20/20 MP: 5/5
   761 | D:2      | Identified the +2 leather armour of Jorah {Int+3}
   846 | D:2      | Reached skill level 7 in Ranged Weapons
   927 | D:2      | Identified the +8 spear of the Endless March {flame, rElec
                  | Int+2}
  1052 | D:2      | Reached XP level 4. HP: 25/25 MP: 6/6
  1334 | D:2      | Found Oledawk's Jewellery Emporium.
  1340 | D:2      | 1340 ||| SHOPLISTING +5 ring of evasion (504 gold, have
                  | 55).
  1340 | D:2      | 1340 ||| SHOPLISTING +6 ring of strength (504 gold, have
                  | 55).
  1340 | D:2      | 1340 ||| SHOPLISTING ring of ice (350 gold, have 55).
  1340 | D:2      | 1340 ||| SHOPLISTING ring of poison resistance (280 gold,
                  | have 55).
  1340 | D:2      | 1340 ||| SHOPLISTING ring of protection from cold (350
                  | gold, have 55).
  1340 | D:2      | 1340 ||| SHOPLISTING ring of resist corrosion (280 gold,
                  | have 55).
  1560 | D:2      | Found Qirin's Armour Shop.
  1568 | D:2      | 1568 ||| BUYING +0 ring mail (40 gold).
  1568 | D:2      | Bought a +0 ring mail for 40 gold pieces
  1568 | D:2      | 1568 ||| SHOPLISTING +0 ring mail of Ryem {Int-4 Dex+4}
                  | (110 gold, have 39).
  1568 | D:2      | 1568 ||| SHOPLISTING +1 leather armour of fire resistance
                  | (140 gold, have 39).
  1568 | D:2      | 1568 ||| SHOPLISTING +2 pair of boots of rampaging (215
                  | gold, have 39).
  1568 | D:2      | 1568 ||| SHOPLISTING +2 pair of gloves of stealth (215
                  | gold, have 39).
  1568 | D:2      | 1568 ||| SHOPLISTING +3 ring mail of cold resistance (260
                  | gold, have 39).
  1678 | D:2      | 1678 ||| UPGRADING to +2 leather armour of Jorah {Int+3}.
  1688 | D:2      | 1688 ||| DROPPING +0 leather armour.
  1689 | D:2      | 1689 ||| UPGRADING to +2 helmet of intelligence.
  1694 | D:2      | 1694 ||| UPGRADING to +0 ring mail.
  1704 | D:2      | 1704 ||| DROPPING +2 leather armour of Jorah {Int+3}.
  1705 | D:2      | 1705 ||| READING scroll labelled HUGOTRE PIKIFF.
  1706 | D:2      | 1706 ||| READING scroll labelled HYONNY GORASUCW.
  1707 | D:2      | 1707 ||| READING scroll labelled SIMIM JEIH.
  1708 | D:2      | 1708 ||| READING scroll labelled KYNISHR OMPYEV.
  1709 | D:2      | 1709 ||| DRINKING 2 black potions.
  1787 | D:3      | Noticed Ijyb
  1789 | D:3      | Noticed Robin
  1802 | D:3      | HP: 5/25 [Robin/+0 whip (3)]
  1802 | D:3      | HP: 2/25 [goblin/+0 club (3)]
  1802 | D:3      | Slain by Robin

Levels and vault maps discovered:
D:1:      dpeg_arrival_central, layout_loops_ring, grunt_decor_fettered
D:2:      cheibrodos_helix_gallery, layout_basic, serial_shops, shop, shop,
          kennysheep_generic_room_4
D:3:      layout_loops_cross, mainiacjoe_overflow_paths, nicolae_goblin_pals,
          uniq_robin, uniq_natasha

Skill      XL: |  1  2  3 |
---------------+----------+-----
Ranged Weapons | 6 7 |  7.7
Fighting       | |  1.5
Dodging        | |  2.4
Stealth        | |  1.2

Action                     |  1- 3 |  4- 6 || total
---------------------------+-------+-------++-------
   Fire: Shortbow          |    92 |    45 ||   137
    Use: Scroll            |     3 |     4 ||     7
         Potion            |       |     1 ||     1
 Armour: Leather armour    |    10 |     2 ||    12
         Ring mail         |       |    18 ||    18
  Dodge: Dodged            |    17 |    17 ||    34

Table legend:
 A = Non-vault XP
 B = Vault XP
 C = Vault XP percentage of total XP
 D = Non-vault monster count
 E = Vault monster count
 F = Vault count percentage of total count
                 A         B        C        D         E       F
            +---------+---------+-------+---------+---------+-------
      Total |     111 |      11 |   9.0 |      43 |       6 |  12.2
            +---------+---------+-------+---------+---------+-------
        D:1 |      39 |       0 |   0.0 |      21 |       0 |   0.0
        D:2 |      69 |       4 |   5.5 |      20 |       2 |   9.1
        D:3 |       3 |       7 |  70.0 |       2 |       4 |  66.7
            +---------+---------+-------+---------+---------+-------
